 Dungeon Crawl Stone Soup version 0.28-a0-691-gad6df49e81 (webtiles) character file.

Game seed: 15071682418029899059

49 kae the Insei (level 3, 0/29 HPs)
             Began as a Demigod Transmuter on Oct 21, 2021.
             Slain by Robin (2 damage)
             ... on level 2 of the Dungeon.
             The game lasted 00:00:53 (1565 turns).

kae the Insei (Demigod Transmuter)                  Turns: 1565, Time: 00:00:53

Health: 0/29       AC:  3    Str: 11    XL:     3   Next: 32%
Magic:  5/8        EV: 12    Int: 21    God:
Gold:   63         SH:  5    Dex: 18    Spells: 1/5 levels left

rFire   . . .      SeeInvis .     - Unarmed
rCold   . . .      Faith    .   (no shield)
rNeg    . . .      Spirit   .   a - +1 robe
rPois   .          Reflect  +   (helmet currently unavailable)
rElec   .          Harm     .   (no cloak)
rCorr   .          Rampage  .   (no gloves)
Will    .....                   (boots currently unavailable)
Stlth   ++........              f - amulet of reflection
HPRegen 0.09/turn               b - +6 ring of intelligence
MPRegen 0.11/turn               (no ring)

@: appendages (expiring)
A: horns 2, talons 2, high mp 1, forlorn
a: End Transformation


You were on level 2 of the Dungeon.
You had temporarily grown beastly horns and talons.
You visited 1 branch of the dungeon, and saw 2 of its levels.

You collected 63 gold pieces.

Inventory:

Armour
 a - a +1 robe (worn)
Jewellery
 b - a +6 ring of intelligence (left hand)
 f - an amulet of reflection (around neck)
Scrolls
 g - a scroll of acquirement {unknown}
 h - a scroll of brand weapon {unknown}
Potions
 c - 2 potions of brilliance {unknown}
 d - a potion of might {unknown}
 e - a potion of curing {unknown}


   Skills:
 + Level 1.7 Fighting
 - Level 1.7 Dodging
 * Level 3.5 Unarmed Combat
 - Level 1.7 Spellcasting
 + Level 2.2 Transmutations


You had one spell level left.
You knew the following spells:

 Your Spells              Type           Power      Damage    Failure   Level
a - Beastly Appendage     Tmut           22%        N/A       6%          1
b - Spider Form           Tmut/Pois      3%         N/A       28%         3

Your spell library contained the following spells:

 Spells                   Type           Power      Damage    Failure   Level
 Wereblood                Tmut           11%        N/A       9%          2
 Ice Form                 Ice/Tmut       6%         N/A       67%         4


Dungeon Overview and Level Annotations

Branches:
Dungeon (2/15)

Annotations:
D:2 Robin


Innate Abilities, Weirdness & Mutations

You have temporarily grown beastly horns and talons.
Your attributes grow dramatically as you level up.
You have an increased reservoir of magic. (+10% MP)
You shall have no god before yourself.


Message History

Casting: Spider Form (extremely dangerous; 28% risk of failure)
Confirm with . or Enter, or press ? or * to list all spells.
You grow a pair of large bovine horns.
Your feet morph into talons.
Robin says, "Bow before me, strongest of all the hobgoblins!"
Robin hits you but does no damage. The goblin closely misses you.
You block the goblin's attack.
The goblin no longer looks unusually strong.
Robin closely misses you. The goblin closely misses you. x2
You hit the goblin. You claw the goblin.
You kill the goblin!
Robin barely misses you. The goblin completely misses you.
Robin throws the goblin at you! The goblin barely misses you.
You see here a +0 dagger.
You closely miss the goblin. The goblin hits you but does no damage.
You closely miss the goblin.
Your transformation is almost over.
You block Robin's attack. The goblin barely misses you.
You hit the goblin.
You kill the goblin!
Robin hits you with a +0 dagger.
You see here a +0 dagger.
You barely miss Robin. You headbutt Robin, but do no damage.
Robin is moderately wounded.
Robin hits you with a +0 dagger.
* * * LOW HITPOINT WARNING * * *
You closely miss Robin. You headbutt Robin, but do no damage. You punch Robin.
Robin is heavily wounded.
Robin closely misses you.
You closely miss Robin. You claw Robin!
Robin is almost dead.
Robin hits you with a +0 dagger.
* * * LOW HITPOINT WARNING * * *
You hit Robin but do no damage. You claw Robin, but do no damage.
Robin is almost dead.
Robin hits you with a +0 dagger.
* * * LOW HITPOINT WARNING * * *
You barely miss Robin.
Robin is almost dead.
Robin hits you with a +0 dagger.
You die...

#.. .. . #.#
..#.######## # #.#
..#....)...###
#.#...#.....<..'..
#.#...#........###
#.'...+........+..
#)#...#........###
#g# g.#........# #
#@# g#.######## #
#.# #.# ##### #
#.#####.#.........
#.......#......###
######.##......#
#...#.##......##
#..............
#............#
###..........#


You could see Robin.

Vanquished Creatures
  A worm (D:2)
  An endoplasm (D:1)
  3 giant cockroaches
  10 goblins
  9 hobgoblins
  A kobold (D:2)
  4 ball pythons
  2 ball python skeletons (D:2)
  A ball python zombie (D:2)
  3 bats (D:2)
  3 frilled lizards (D:2)
  A quokka zombie (D:2)
  A rat (D:1)
40 creatures vanquished.

Notes
Turn   | Place    | Note
-------+----------+-------------------------------------------
     0 | D:1      | kae the Demigod Transmuter began the quest for the Orb.
     0 | D:1      | Reached XP level 1. HP: 15/15 MP: 5/5
   136 | D:1      | Reached skill level 1 in Fighting
   382 | D:1      | Reached skill level 3 in Unarmed Combat
   439 | D:1      | Reached XP level 2. HP: 23/23 MP: 5/7
  1387 | D:2      | Reached XP level 3. HP: 21/28 MP: 8/8
  1395 | D:2      | Learned a level 3 spell: Spider Form
  1519 | D:2      | Noticed Robin
  1565 | D:2      | Slain by Robin

Illustrated notes

Levels and vault maps discovered:
D:1:      dpeg_arrival_central, layout_basic, serial_forest,
          infiniplex_forest_clump_curved, infiniplex_forest_clump_double,
          infiniplex_forest_lined_1, infiniplex_forest_lined_3_way,
          infiniplex_forest_straight_3, chequers_serial_rivers_marsh,
          chequers_garden, chequers_serial_rivers_small_b, grunt_decor_arrowhead
D:2:      layout_basic, serial_undead, serial_undead_d, serial_undead_a,
          serial_undead_e, serial_undead_c, st_stairs_3, uniq_robin

Skill      XL: |  1 |
---------------+----+-----
Fighting       | 1 |  1.7
Unarmed Combat | 3 |  3.5
Transmutations | 2 |  2.2
Dodging        | |  1.7
Spellcasting   | |  1.7

Action                   || total
-------------------------++-------
Melee: Unarmed           ||   128
       Headbutt          ||    10
       Kick              ||    13
       Punch             ||     3
 Cast: Beastly Appendage ||    16
       Spider Form       ||     1
  Use: Scroll            ||     1
 Stab: Sleeping          ||     2
Armor: Robe              ||    26
Dodge: Dodged            ||    86
Block: Other             ||    21

Table legend: (Time is in decaauts)
 A = Elapsed time spent in this place.
 B = Non-inter-level travel time spent in this place.
 C = Inter-level travel time spent in this place.
 D = Time resting spent in this place.
 E = Time spent auto-exploring this place.
 F = Levels seen in this place.
 G = Mean time per level.
                   A        B        C        D        E       F      G
               +--------+--------+--------+--------+--------+-----+--------+
         Total |   1557 |   1532 |     25 |      0 |   1269 |   2 |  778.5 |
       Dungeon |   1557 |   1532 |     25 |      0 |   1269 |   2 |  778.5 |
               +--------+--------+--------+--------+--------+-----+--------+

Top non-repeatable levels by time:
     D:1: 844 daAuts
     D:2: 712 daAuts
